Map: Inside and Out

Players

ИИ 1 (эксперт) - Winner!

  • Race: Protoss Protoss
  • Spawn Location: 1:00

Doll

  • Race: Zerg Zerg
  • Spawn Location: 7:00

VOD

Have the link to the VOD?

Description

Time

  • Played on: Oct. 6, 2022, 3:09 p.m.
  • Length: 7:07
Show
View Real Time Build Order
Export as new Build Order

ИИ 1 (эксперт) Protoss - Winner!

Build Orders: 1 Gate Expand 

Get SALT Encoding   

  12  0:00  Probe  
  13  0:13  Probe  
  14  0:20  Pylon  
  14  0:25  Probe  
  15  0:34  Probe  
  15  0:42  Probe  
  16  0:47  Assimilator  
  17  0:51  Gateway  
  17  0:52  Probe  
  18  1:00  Pylon, Probe  
  18  1:08  Probe  
  20  1:19  Probe  
  21  1:31  Probe  
  22  1:38  Nexus  
  22  1:43  Probe  
  22  1:45  Zealot  
  25  1:56  Cybernetics Core  
  25  1:59  Probe  
  26  2:11  Probe  
  27  2:23  Probe  
  27  2:25  Warp Gate, Pylon  
  28  2:30  Stalker  
  28  2:35  Probe  
  31  2:37  Gateway  
  31  2:40  Assimilator  
  31  2:47  Probe  
  31  2:51  Probe  
  33  2:55  Adept  
  33  3:01  Pylon, Probe  
  36  3:08  Probe  
  37  3:13  Probe  
  37  3:19  Robotics Facility  
  38  3:24  Adept, Probe  
  38  3:25  Adept  
  38  3:26  Probe  
  44  3:36  Probe  
  44  3:38  Probe  
  46  3:46  Probe  
  46  3:49  Pylon  
  46  3:51  Probe, Adept  
  46  3:54  Adept, Probe  
  53  4:03  Probe  
  53  4:09  Immortal  
  58  4:10  Pylon, Probe  
  58  4:15  Probe  
  60  4:22  Probe  
  61  4:26  Stalker  
  61  4:27  Robotics Facility, Probe  
  64  4:31  Stalker  
  66  4:39  Probe  
  66  4:41  Probe  
  66  4:45  Immortal  
  68  4:46  Stalker  
  68  4:48  Pylon  
  68  4:51  Pylon  
  74  4:56  Stalker  
  76  5:06  Probe x2  
  78  5:10  Stalker  
  80  5:14  Immortal  
  84  5:23  Zealot  
  84  5:25  Pylon  
  86  5:31  Twilight Council  
  86  5:33  Assimilator  
  86  5:36  Gateway  
  86  5:37  Assimilator  
  86  5:48  Zealot  
  86  5:49  Pylon  
  88  5:53  Probe  
  88  5:56  Probe  
  90  6:01  Probe  
  90  6:08  Probe  
  90  6:10  Templar Archives  
  92  6:16  Forge  
  92  6:19  Nexus, Forge  
  92  6:38  Pylon  
  92  6:42  Zealot x2, Sentry  
  92  6:44  Gateway  
  72  6:57  High Templar  
  68  7:02  Photon Cannon, Zealot, High Templar  
  68  7:06  Photon Cannon  
Show
View Real Time Build Order
Export as new Build Order

Doll Zerg 

Build Orders: Hatch First 

Get SALT Encoding   

  12  0:00  Drone  
  13  0:08  Drone  
  14  0:14  Extractor  
  14  0:15  Drone  
  15  0:24  Overlord  
  15  0:43  Drone x2  
  15  0:44  Drone  
  18  0:57  Hatchery  
  17  0:59  Drone  
  17  1:03  Extractor  
  17  1:05  Drone  
  18  1:19  Spawning Pool  
  18  1:22  Drone  
  18  1:27  Drone  
  19  1:37  Drone  
  20  1:48  Overlord  
  20  2:06  Queen  
  20  2:07  Zergling x2  
  20  2:08  Queen  
  23  2:09  Zergling x2  
  23  2:11  Metabolic Boost  
  23  2:15  Drone  
  27  2:19  Extractor  
  27  2:21  Drone  
  27  2:23  Drone  
  28  2:30  Drone  
  28  2:32  Drone  
  30  2:43  Baneling Nest, Drone x2  
  31  2:51  Drone  
  31  2:53  Drone  
  31  2:58  Lair  
  33  3:07  Drone, Spine Crawler  
  33  3:09  Drone  
  34  3:17  Queen  
  36  3:23  Overlord  
  36  3:27  Overlord  
  36  3:46  Zergling x2  
  36  3:47  Drone, Hatchery  
  37  3:50  Zergling x2  
  37  3:52  Zergling x2  
  39  4:00  Centrifugal Hooks  
  39  4:03  Zergling x2  
  39  4:07  Zergling x2  
  39  4:08  Zergling x2  
  42  4:10  Zergling x2  
  42  4:12  Zergling x2  
  42  4:14  Zergling x2  
  45  4:17  Zergling x2  
  45  4:19  Zergling x2  
  45  4:22  Drone  
  48  4:24  Drone  
  48  4:27  Drone  
  48  4:29  Drone  
  51  4:32  Drone  
  51  4:36  Overlord  
  52  4:43  Overlord  
  52  4:49  Spine Crawler  
  52  4:50  Drone  
  52  4:55  Zergling x4  
  52  4:56  Zergling x4  
  56  5:00  Overlord  
  56  5:02  Drone  
  56  5:05  Drone  
  58  5:10  Drone  
  58  5:11  Drone x2  
  58  5:13  Drone  
  62  5:16  Pneumatized Carapace  
  62  5:18  Drone  
  62  5:20  Drone  
  64  5:25  Zergling x4  
  64  5:26  Zergling x2  
  67  5:32  Zergling x2  
  68  5:35  Zergling x2  
  68  5:37  Zergling x2  
  68  5:38  Overseer  
  68  5:41  Overseer  
  68  5:42  Zergling x6  
  73  5:44  Zergling x2  
  73  5:48  Drone  
  73  5:49  Drone  
  76  5:53  Drone  
  76  5:55  Baneling x13  
  77  5:57  Baneling x2  
  77  5:58  Baneling x2  
  77  6:00  Baneling x2  
  77  6:01  Baneling x2  
  77  6:03  Baneling x2  
  77  6:05  Baneling x2  
  77  6:06  Baneling x2  
  77  6:08  Baneling  
  77  6:10  Drone x2  
  79  6:11  Drone  
  79  6:13  Drone  
  79  6:14  Drone  
  82  6:19  Overlord  
  82  6:21  Overlord  
  82  6:28  Overlord  
  82  6:31  Hydralisk Den  
  81  6:39  Evolution Chamber  
  80  6:40  Drone x6  
  80  6:41  Evolution Chamber  
  80  6:43  Drone  
  80  6:44  Drone x3  
  82  6:47  Drone  
  82  6:51  Drone  
  69  6:54  Drone  
Tags
 
Add a new tag
Caveats
  • Supply blocks, unpowered buildings, or Contaminate may cause inaccurate times.
  • Supply counts are checked every 10 seconds.